 Dungeon Crawl Stone Soup version 0.30-a0-596-g0af90f9a20 (webtiles) character file.

Game seed: 5861800596093043651

9 drugrobin the Sneak (level 1, -4/18 HPs)
             Began as a Demigod Delver on Jan 7, 2023.
             Slain by a hound (5 damage)
             ... on level 5 of the Dungeon.
             The game lasted 00:03:16 (415 turns).

drugrobin the Sneak (Demigod Delver)                 Turns: 415, Time: 00:03:17

Health: -4/18      AC:  3    Str: 13    XL:     1   Next: 86%
Magic:  3/3        EV: 11    Int: 12    God:
Gold:   0          SH:  0    Dex: 15    Spells: 0/0 levels left

rFire   . . .      SeeInvis .      - Unarmed
rCold   . . .      Faith    .    (no shield)
rNeg    . . .      Spirit   .    a - +0 leather armour
rPois   .          Reflect  .    (no helmet)
rElec   .          Harm     .    (no cloak)
rCorr   .          Rampage  .    (no gloves)
Will    .....                    (no boots)
Stlth   +++                      (no amulet)
HPRegen 0.23/turn                (no ring)
MPRegen 0.08/turn                (no ring)

@: no status effects
A: high MP 1, forlorn, divine attributes
a: no special abilities


You were on level 5 of the Dungeon.
You visited 1 branch of the dungeon, and saw 1 of its levels.

Inventory:

Hand Weapons
 k - a +0 war axe
Armour
 a - a +0 leather armour (worn)
Jewellery
 g - a +6 ring of intelligence
Wands
 f - a wand of digging (3)
 i - a wand of roots (9)
Scrolls
 b - a scroll of fog
 c - a scroll of magic mapping
 d - a scroll of fear
 h - a scroll of teleportation
 j - a scroll of identify {unknown}
Potions
 e - a potion of haste


   Skills:
 - Level 2.6 Fighting
 - Level 1.7 Dodging
 - Level 4.5 Stealth
 + Level 2.5 Unarmed Combat


You couldn't memorise any spells.
You didn't know any spells.
Your spell library was empty.

Dungeon Overview and Level Annotations

Branches:
Dungeon (5/15)
 Temple: D:4-7

Annotations:
D:5 exclusions: hound, howler monkey, ice beast, 3 orcs, orc wizard and 1 more exclusion


Innate Abilities, Weirdness & Mutations

You have an increased reservoir of magic. (+10% MP)
You shall have no god before yourself.
Your divine heritage dramatically boosts your attributes as you level up.


Message History

An orc comes into view. It is wielding a +0 whip.
The orc shouts!
You hit the hound.
The hound is almost dead.
You hear a shout!
The hound bites you but does no damage. The hound bites you.
You hear a bark!
You closely miss the hound.
The hound is almost dead.
The hound bites you.
An orc comes into view. It is wielding a +0 hand axe.
The orc wizard mumbles some strange words.
The orc wizard flickers and vanishes!
Deactivating autopickup; reactivate with Ctrl-A.
You closely miss the hound.
The hound is almost dead.
The hound barely misses you.
Unknown command.
You hit the hound but do no damage.
The hound is almost dead.
The hound bites you.
* * * LOW HITPOINT WARNING * * *
The hound bites you.
* * * LOW HITPOINT WARNING * * *
A white imp comes into view.
Unknown command.
Unknown command.
You closely miss the hound.
The hound is severely wounded.
The hound barely misses you.
Unknown command.
Attack: -) Nothing wielded
Press: ? - help, Dir - move target, f/p - hound
Aim: a hound (severely wounded, about 50% to evade your hands)
Okay, then.
The white imp shouts!
You hit the hound.
The hound is almost dead.
The hound bites you.
You die...

.........#
#.#.#
.#######.#
#.#.# #.#
#.#.#### #.#
#....... #.#
###>.### #.#
##.# ##. #.#
#.#
.....#######.#
#.#
#5o{h@....#
#.###
#....o####.##
#.... #####.
#.# #..## #.
#.# #.. #. #.#
#.o #. ... ..o
.. ..# ###o ##
### #o #.


You could see a hound, a white imp and 2 orcs.

Vanquished Creatures
  An adder (D:5)
1 creature vanquished.

Notes
Turn   | Place    | Note
-------+----------+-------------------------------------------
     0 | D:5      | drugrobin the Demigod Delver began the quest for the Orb.
     0 | D:5      | Reached XP level 1. HP: 18/18 MP: 3/3
    24 | D:5      | Noticed a hound
    57 | D:5      | Noticed a howler monkey
   129 | D:5      | Noticed an ice beast
   215 | D:5      | Noticed a phantom
   235 | D:5      | Noticed a hound
   238 | D:5      | Noticed a scorpion
   347 | D:5      | Noticed an orc wizard
   407 | D:5      | Noticed an orc wizard
   415 | D:5      | Slain by a hound

Illustrated notes

Levels and vault maps discovered:
D:5:      layout_loops_ring, nrook_pool_corridor, nicolae_figureground_sparkle,
          uniq_sigmund

Skill      XL: |  1 |
---------------+----+-----
Unarmed Combat | 2 |  2.5
Fighting       | |  2.6
Dodging        | |  1.7
Stealth        | |  4.5

Action                   || total
-------------------------++-------
Melee: Unarmed           ||    16
Evoke: Wand              ||     4
  Use: Scroll            ||     1
       Potion            ||     1
Armor: Leather armour    ||     6
Dodge: Dodged            ||    16

Table legend: (Time is in decaauts)
 A = Elapsed time spent in this place.
 B = Non-inter-level travel time spent in this place.
 C = Inter-level travel time spent in this place.
 D = Time resting spent in this place.
 E = Time spent auto-exploring this place.
 F = Levels seen in this place.
 G = Mean time per level.
                   A        B        C        D        E       F      G
               +--------+--------+--------+--------+--------+-----+--------+
         Total |    414 |    414 |      0 |     50 |    215 |   1 |  414.0 |
       Dungeon |    414 |    414 |      0 |     50 |    215 |   1 |  414.0 |
               +--------+--------+--------+--------+--------+-----+--------+

Top non-repeatable levels by time:
     D:5: 414 daAuts
